Map: Moondance

Players

MaXiMuS

  • Race: Protoss Protoss
  • League: Master
  • Spawn Location: 6:00

CollinCobra - Winner!

  • Race: Zerg Zerg
  • League: Master
  • Spawn Location: 12:00

VOD

Have the link to the VOD?

Description

Time

  • Played on: Aug. 3, 2022, 3:18 p.m.
  • Length: 7:41
Show
View Real Time Build Order
Export as new Build Order

MaXiMuS Protoss 

Build Orders:  

Get SALT Encoding   

  12  0:00  Probe  
  13  0:12  Probe  
  14  0:19  Pylon  
  14  0:25  Probe  
  15  0:38  Probe (Chrono Boost)  
  15  0:41  Gateway  
  16  0:47  Probe (Chrono Boost)  
  17  0:50  Assimilator  
  17  0:52  Probe (Chrono Boost)  
  18  1:03  Pylon  
  19  1:04  Probe  
  19  1:16  Probe  
  20  1:29  Probe  
  20  1:30  Cybernetics Core  
  21  1:42  Probe  
  22  1:50  Nexus  
  22  1:59  Probe  
  23  2:04  Adept (Chrono Boost)  
  23  2:07  Assimilator  
  25  2:08  Warp Gate  
  25  2:14  Probe  
  26  2:18  Pylon  
  26  2:26  Probe  
  26  2:27  Stalker (Chrono Boost)  
  29  2:38  Shield Battery  
  31  2:54  Pylon, Sentry  
  31  3:06  Probe x2  
  31  3:11  Shield Battery  
  31  3:15  Stargate  
  31  3:18  Probe  
  31  3:19  Probe  
  33  3:25  Shield Battery  
  33  3:28  Pylon  
  33  3:30  Sentry (Chrono Boost)  
  33  3:32  Probe  
  36  3:40  Pylon  
  36  3:42  Pylon  
  36  3:56  Sentry  
  36  3:58  Probe x2  
  40  4:10  Oracle (Chrono Boost), Probe  
  40  4:11  Probe  
  45  4:22  Probe  
  45  4:23  Probe  
  47  4:27  Nexus  
  47  4:29  Sentry  
  49  4:35  Probe  
  50  4:40  Probe  
  51  4:47  Probe  
  51  4:52  Probe  
  53  4:59  Probe  
  54  5:01  Stalker  
  54  5:05  Probe  
  54  5:11  Probe  
  54  5:27  Probe  
  56  5:28  Probe  
  56  5:39  Probe  
  56  5:40  Probe  
  58  5:49  Gateway  
  57  5:50  Gateway  
  57  5:51  Probe  
  57  5:52  Probe  
  57  5:55  Probe  
  60  6:00  Shield Battery  
  60  6:03  Probe  
  57  6:04  Assimilator, Probe  
  57  6:06  Assimilator  
  57  6:08  Oracle (Chrono Boost)  
  57  6:09  Probe  
  54  6:23  Pylon  
  54  6:24  Pylon  
  53  6:26  Pylon  
  53  6:33  Probe x3  
  56  6:45  Sentry  
  51  6:48  Gateway, Pylon  
  51  6:55  Pylon  
  51  6:56  Probe  
  51  6:59  Probe  
  53  7:03  Gateway  
  53  7:05  Gateway  
  53  7:08  Probe x2  
  54  7:11  Cybernetics Core  
  44  7:24  Probe x2  
  44  7:27  Zealot  
Show
View Real Time Build Order
Export as new Build Order

CollinCobra Zerg - Winner!

Build Orders: Hatch First, Zergling Baneling 

Get SALT Encoding   

  12  0:00  Drone  
  13  0:10  Drone  
  13  0:12  Extractor  
  13  0:16  Drone  
  13  0:18  Extractor  
  13  0:22  Drone  
  16  0:44  Hatchery  
  16  0:49  Extractor  
  14  1:00  Spawning Pool  
  14  1:03  Drone  
  14  1:13  Drone, Extractor  
  15  1:19  Overlord  
  15  1:38  Drone x3  
  18  1:49  Metabolic Boost  
  18  1:51  Zergling x2  
  19  1:57  Drone  
  20  2:06  Zergling x2  
  21  2:08  Queen  
  23  2:16  Zergling x4  
  25  2:25  Baneling Nest, Zergling x2  
  25  2:32  Drone x2  
  27  2:38  Zergling x2  
  28  2:47  Overlord  
  28  2:50  Extractor, Zergling x2  
  27  3:06  Zergling x8  
  27  3:10  Baneling  
  27  3:11  Baneling x5  
  27  3:12  Zergling x2  
  32  3:15  Zergling x2  
  32  3:19  Zergling x4  
  35  3:22  Zergling x2  
  36  3:28  Baneling x2  
  33  3:41  Zergling x4  
  32  3:53  Zergling x10  
  34  3:56  Zergling x2  
  34  4:03  Baneling x3  
  34  4:04  Baneling  
  34  4:09  Baneling  
  34  4:11  Zergling x2  
  34  4:13  Overlord  
  35  4:18  Extractor, Zergling x2  
  35  4:20  Overlord  
  36  4:38  Baneling x2  
  35  4:44  Zergling x2  
  35  4:45  Zergling x10  
  40  4:50  Baneling  
  40  4:51  Zergling x2  
  37  5:06  Zergling x2  
  36  5:07  Zergling x6  
  35  5:21  Zergling x2  
  35  5:22  Zergling x2  
  35  5:30  Queen  
  35  5:35  Zergling x4  
  38  5:39  Zergling x4  
  38  5:49  Zergling x4  
  38  6:05  Zergling x4  
  38  6:08  Zergling x2  
  38  6:09  Zergling x4  
  41  6:11  Zergling x2  
  41  6:18  Zergling x2  
  41  6:21  Zergling x2  
  41  6:25  Baneling x3  
  38  6:26  Zergling x2  
  36  6:33  Zergling x2  
  36  6:36  Zergling x2  
  36  6:38  Zergling x6  
  39  6:47  Zergling x4  
  41  6:55  Zergling x2  
  41  6:57  Baneling x9  
  41  6:58  Baneling x3  
  41  6:59  Zergling x2  
  42  7:02  Zergling x6  
  42  7:07  Zergling x6  
  42  7:08  Zergling x2  
  49  7:10  Zergling x2  
Tags
 
Matchup
PvZ
Spawn Locations
Cross Positions
Add a new tag
Caveats
  • Supply blocks, unpowered buildings, or Contaminate may cause inaccurate times.
  • Supply counts are checked every 10 seconds.